 Dungeon Crawl Stone Soup version 0.20-a0-689-g860b9ab (webtiles) character file.

485 polly the Shield-Bearer (level 7, -3/44 HPs)
             Began as a Gargoyle Fighter on Feb 20, 2017.
             Killed by divine providence
             ... invoked by an orc priest
              (15 damage)
             ... on level 4 of the Dungeon.
             The game lasted 00:04:01 (3285 turns).

polly the Shield-Bearer (Gargoyle Fighter)          Turns: 3285, Time: 00:04:01

Health: -3/44      AC: 13    Str: 19    XL:     7   Next: 13%
Magic:  7/7        EV:  8    Int:  9    God:
Gold:   229        SH: 10    Dex: 11    Spells: 6/6 levels left

rFire    . . .     SeeInvis .   a - +0 flail
rCold    . . .     Gourm    .   b - +0 scale mail
rNeg     + . .     Faith    .   c - +0 shield
rPois    ∞         Spirit   .   (no helmet)
rElec    +         Reflect  .   (no cloak)
rCorr    .         Harm     .   g - +0 pair of gloves
MR       .....                  (no boots)
Stlth    ..........             (no amulet)
Regen    0.2/turn               (no ring)
MPRegen  0.1/turn               (no ring)

@: no status effects
A: negative energy resistance 1, electricity resistance, unbreathing,
petrification resistance, rot immunity, AC +4
a: no special abilities


You were on level 4 of the Dungeon.
You were not hungry.

You visited 1 branch of the dungeon, and saw 4 of its levels.
You also visited: Sewer.

You collected 229 gold pieces.

Inventory:

Hand Weapons
 a - a +0 flail (weapon)
Armour
 b - a +0 scale mail (worn)
 c - a +0 shield (worn)
 g - a +0 pair of gloves (worn)
Jewellery
 u - a cursed -3 ring of protection {unknown}
Wands
 o - a wand of iceblast (7/15)
 C - a wand of digging (16/24)
Scrolls
 i - 3 scrolls of identify {unknown}
 j - 2 scrolls of blinking {unknown}
 k - a scroll of enchant weapon {unknown}
 m - 2 scrolls of fear {unknown}
 q - 3 scrolls of enchant armour {unknown}
 r - a scroll of magic mapping {unknown}
 t - a scroll of recharging {unknown}
 v - a scroll of fog {unknown}
 w - 4 scrolls of remove curse {unknown}
 y - a scroll of immolation {unknown}
Potions
 d - 2 potions of might
 e - 2 potions of cancellation {unknown}
 h - a potion of magic {unknown}
 l - a potion of flight {unknown}
 n - a potion of lignification {unknown}
 p - 2 potions of invisibility {unknown}
 s - a potion of haste {unknown}
 x - a potion of curing {unknown}
 A - a potion of mutation {unknown}
 B - a potion of brilliance {unknown}
Comestibles
 f - 4 bread rations


   Skills:
 + Level 4.5 Fighting
 + Level 4.2 Maces & Flails
 + Level 4.5 Armour
 + Level 1.2 Dodging
 + Level 0.2 Stealth
 + Level 5.6 Shields


You had 6 spell levels left.
You didn't know any spells.

Dungeon Overview and Level Annotations

Branches:
Dungeon (4/15)
 Temple: D:4-7

Altars:
Hepliaklqana
Nemelex Xobeh
Ru
Xom
Yredelemnul
The Shining One


Innate Abilities, Weirdness & Mutations

You are resistant to torment.
Your stone body is resilient. (AC +4)
You are immune to poison.
You resist negative energy. (rN+)
You are resistant to electric shocks. (rElec)
You can survive without breathing.
You are immune to petrification.
You are immune to rotting.


Message History

You are too injured to fight recklessly!
You are too injured to fight recklessly!
You are too injured to fight recklessly!
You are too injured to fight recklessly!
You are too injured to fight recklessly!
You are too injured to fight recklessly!
You are too injured to fight recklessly!
You are too injured to fight recklessly!
You are too injured to fight recklessly!
You are too injured to fight recklessly!
You are too injured to fight recklessly!
You are too injured to fight recklessly!
You hit the orc priest but do no damage.
The orc priest is lightly wounded.
The orc priest hits you but does no damage.
You thump the orc priest!
The orc priest is almost dead.
The orc priest invokes the aid of Beogh against you.
Beogh smites you!
You die...

......#.##
##..##.## #..####
##.#.##
#.###.###### ###
.## ##.....# #..
#.###.####.# #.#
##(#(## #.# #o#
#..## #.# #@#
##..######.# #)#
........##.# #.#
#######.##.# #.#
#.##.# #.# ####
#.##.# #.#
...####.##.# #.#
........##.## #>#
...#######..####.#


You could see an orc priest.

Vanquished Creatures
  Purgy (Sewer)
  2 orc wizards (D:4)
  An iguana (D:4)
  Natasha (twice) (D:2)
  12 adders
  A river rat (D:3)
  An ooze (D:2)
  5 worms
  5 dart slugs
  5 leopard geckos
  8 orcs (D:4)
  5 bats
  9 giant cockroaches
  14 goblins
  7 hobgoblins
  11 jackals
  4 kobolds
  2 quokkas (D:2)
  3 frilled lizards
  8 rats
106 creatures vanquished.

Notes
Turn   | Place    | Note
-------+----------+-------------------------------------------
     0 | D:1      | polly the Gargoyle Fighter began the quest for the Orb.
     0 | D:1      | Reached XP level 1. HP: 14/14 MP: 1/1
   123 | D:1      | Reached XP level 2. HP: 19/19 MP: 2/2
   629 | D:1      | Reached XP level 3. HP: 23/23 MP: 3/3
  1250 | D:1      | Found a shimmering altar of Xom.
  1322 | D:2      | Found a sacrificial altar of Ru.
  1358 | D:2      | Reached skill level 4 in Shields
  1358 | D:2      | Reached XP level 4. HP: 25/29 MP: 4/4
  1492 | D:2      | Noticed Natasha
  1505 | D:2      | Killed Natasha
  1505 | D:2      | Reached XP level 5. HP: 19/33 MP: 5/5
  1662 | D:2      | Found a sparkling altar of Nemelex Xobeh.
  1878 | D:2      | Noticed Natasha
  1884 | D:2      | Killed Natasha
  2226 | D:3      | Found a hazy altar of Hepliaklqana.
  2246 | D:3      | Found a glowing golden altar of the Shining One.
  2248 | D:3      | Noticed an angel
  2255 | D:3      | Found a basalt altar of Yredelemnul.
  2261 | D:3      | Noticed a profane servitor
  2336 | D:3      | Reached XP level 6. HP: 38/39 MP: 6/6
  2395 | D:3      | Found a glowing drain.
  2400 | Sewer    | Entered a sewer
  2519 | Sewer    | Noticed Purgy
  2533 | Sewer    | Killed Purgy
  2533 | Sewer    | Reached skill level 1 in Dodging
  2533 | Sewer    | Reached skill level 5 in Shields
  2971 | D:4      | Reached XP level 7. HP: 25/44 MP: 7/7
  3285 | D:4      | Killed from afar by an orc priest

Vault maps used:
D:1:      dpeg_arrival_water_altar, minmay_tetromino_o4
D:2:      minmay_diamond_boxcup, marbit_many_paths,
          nicolae_ru_great_annihilating_truth, uniq_natasha
D:3:      grunt_temple_overflow_holy_war, lemuel_doored_altar,
          gup_sewer_entry_bowl, first_bread
D:4:      uniq_menkaure
Sewer:    kennysheep_door_sewer

Skill      XL: |  1  2  3  4  5  6 |
---------------+-------------------+-----
Shields        | 4 5 |  5.6
Fighting       | 4 |  4.5
Maces & Flails | 3 4 |  4.2
Armour         | 4 |  4.5
Dodging        | 1 |  1.2
Stealth        | |  0.2

Action                   |  1- 3 |  4- 6 |  7- 9 || total
-------------------------+-------+-------+-------++-------
Melee: Flail             |   152 |   344 |    35 ||   531
 Stab: Paralysed         |     1 |       |       ||     1
  Eat: Chunk             |     1 |     6 |     2 ||     9
Armor: Scale mail        |    64 |   212 |    15 ||   291
Dodge: Dodged            |    47 |   134 |     8 ||   189
Block: Shield            |   104 |   220 |    21 ||   345
